 Dungeon Crawl Stone Soup version 0.29-a0-416-g83a48905f1 (webtiles) character file.

Game seed: 10054256919520633866

53 bande the Skirmisher (level 3, -1/35 HPs)
             Began as a Gnoll Wanderer on May 16, 2022.
             Slain by a hound (5 damage)
             ... on level 2 of the Dungeon.
             The game lasted 00:06:51 (1332 turns).

bande the Skirmisher (Gnoll Wanderer)               Turns: 1332, Time: 00:06:51

Health: -1/35      AC:  6    Str: 11    XL:     3   Next: 89%
Magic:  7/7        EV:  8    Int: 11    God:
Gold:   94         SH:  0    Dex: 13    Spells: 6/7 levels left

rFire   . . .      SeeInvis .   c - +0 flail
rCold   . . .      Faith    .   (no shield)
rNeg    . . .      Spirit   .   n - +0 scale mail
rPois   .          Reflect  .   (no helmet)
rElec   .          Harm     .   (no cloak)
rCorr   .          Rampage  .   (no gloves)
Will    .....                   (no boots)
Stlth   +.........              (no amulet)
HPRegen 0.11/turn               (no ring)
MPRegen 0.10/turn               (no ring)

@: no status effects
A: fangs 1, strong nose, distributed training
a: no special abilities


You were on level 2 of the Dungeon.
You visited 1 branch of the dungeon, and saw 2 of its levels.

You collected 94 gold pieces.

Inventory:

Hand Weapons
 a - a +3 hunting sling
 c - a +0 flail (weapon)
Armour
 n - a +0 scale mail (worn)
Jewellery
 h - an amulet of the acrobat
Scrolls
 f - a scroll of amnesia {unknown}
 i - 3 scrolls of identify {unknown}
 k - a scroll of teleportation {unknown}
Potions
 b - 2 potions of attraction
 d - a potion of heal wounds {unknown}
 e - a potion of lignification {unknown}
 g - a potion of magic {unknown}
 j - 3 potions of curing {unknown}
 l - 2 potions of cancellation {unknown}
 m - a potion of haste {unknown}


   Skills:
 + Level 6.5 Fighting
 + Level 1.0 Short Blades
 + Level 1.0 Long Blades
 + Level 1.0 Axes
 + Level 1.0 Maces & Flails
 + Level 1.0 Polearms
 + Level 1.0 Staves
 + Level 4.6 Slings
 + Level 1.0 Bows
 + Level 1.0 Crossbows
 + Level 1.0 Throwing
 + Level 2.6 Armour
 + Level 1.0 Dodging
 + Level 4.2 Stealth
 + Level 1.0 Shields
 + Level 1.0 Unarmed Combat
 + Level 2.9 Spellcasting
 + Level 0.7 Conjurations
 + Level 0.7 Hexes
 + Level 2.1 Summonings
 + Level 0.7 Necromancy
 + Level 0.7 Translocations
 + Level 0.7 Transmutations
 + Level 0.7 Fire Magic
 + Level 0.7 Ice Magic
 + Level 0.7 Air Magic
 + Level 0.7 Earth Magic
 + Level 0.7 Poison Magic
 + Level 1.0 Invocations
 + Level 1.0 Evocations


You had 6 spell levels left.
You knew the following spells:

 Your Spells              Type           Power      Damage    Failure   Level
a - Summon Small Mammal   Summ           24%        N/A       54%         1

Your spell library contained the following spells:

 Spells                   Type           Power      Damage    Failure   Level
 Summon Guardian Golem    Hex/Summ       4%         N/A       94%         3


Dungeon Overview and Level Annotations

Branches:
Dungeon (2/15)

Altars:


Innate Abilities, Weirdness & Mutations

You have very sharp teeth.
Your uncanny sense of smell can sniff out nearby items.
Your experience applies equally to all skills.


Message History

You shoot a sling bullet.
The sling bullet closely misses the hound.
The hound barely misses you. The hound bites you. The hound barely misses you.
You shoot a sling bullet.
The sling bullet completely misses the hound.
The hound bites you. The hound bites you but does no damage.
You shoot a sling bullet.
The sling bullet closely misses the hound.
The hound barely misses you. The hound bites you but does no damage.
You shoot a sling bullet. The sling bullet hits the hound.
The hound is severely wounded.
The hound pauses to sniff the ground.
The hound bites you but does no damage. The hound closely misses you.
The hound bites you.
You are too injured to fight recklessly!
You are too injured to fight recklessly!
You are too injured to fight recklessly!
c - a +0 flail (weapon)
The hound bites you.
Unknown command.
You barely miss the hound.
The hound is severely wounded.
The hound closely misses you. The hound bites you but does no damage.
Unknown command.
You barely miss the hound.
The hound is severely wounded.
The hound completely misses you. The hound bites you.
* * * LOW HITPOINT WARNING * * *
You barely miss the hound.
The hound is severely wounded.
The hound bites you but does no damage. The hound barely misses you.
You closely miss the hound. Your bite misses the hound.
The hound is severely wounded.
The hound bites you.
* * * LOW HITPOINT WARNING * * *
The hound bites you but does no damage.
You hit the hound but do no damage. You bite the hound, but do no damage.
The hound is severely wounded.
The hound closely misses you. The hound bites you.
You die...

#.#.###.###.......#
#.#.# #.# #....>..##
#.#.# #.#####.##+#..
#.#.# #.......##....
#.#.############.#.#
#.#.#.........##....
#.†.#...#####....#.#
###.#.........##....
#@h....##.....###.
######.##.###..##.
.##. ##..#. ....
###... ### #.....
#..... #..... +...b.
#.....


You could see a hound.

Vanquished Creatures
  3 gnolls (D:2)
  A worm (D:2)
  4 endoplasms
  A giant cockroach (D:1)
  A goblin (D:2)
  A hobgoblin (D:2)
  A quokka (D:1)
  A bat (D:1)
  3 frilled lizards
  4 kobolds (D:1)
  4 rats
24 creatures vanquished.

Notes
Turn   | Place    | Note
-------+----------+-------------------------------------------
     0 | D:1      | bande the Gnoll Wanderer began the quest for the Orb.
     0 | D:1      | bande set off with the following items: a +3 hunting sling,
                  | a potion of attraction, a +0 robe; and the following spell
                  | memorised: Summon Small Mammal; and the following spells
                  | available to memorise: Summon Guardian Golem
     0 | D:1      | Reached XP level 1. HP: 23/23 MP: 4/4
   118 | D:1      | Reached XP level 2. HP: 29/29 MP: 5/5
   579 | D:2      | Reached XP level 3. HP: 31/35 MP: 7/7
   583 | D:2      | Reached skill level 1 in Invocations
  1056 | D:2      | Reached skill level 1 in Short Blades
  1056 | D:2      | Reached skill level 1 in Long Blades
  1056 | D:2      | Reached skill level 1 in Axes
  1056 | D:2      | Reached skill level 1 in Maces & Flails
  1056 | D:2      | Reached skill level 1 in Polearms
  1056 | D:2      | Reached skill level 1 in Staves
  1056 | D:2      | Reached skill level 1 in Bows
  1056 | D:2      | Reached skill level 1 in Crossbows
  1056 | D:2      | Reached skill level 1 in Throwing
  1056 | D:2      | Reached skill level 1 in Dodging
  1056 | D:2      | Reached skill level 1 in Shields
  1056 | D:2      | Reached skill level 1 in Unarmed Combat
  1056 | D:2      | Reached skill level 1 in Evocations
  1332 | D:2      | Slain by a hound

Illustrated notes

Levels and vault maps discovered:
D:1:      lightli_molten_gateway, layout_rooms, minmay_misc_feat_iff
D:2:      layout_basic, serial_co_window_serial, co_window_corner_a,
          co_window_corner_a, co_window_paths_a, co_window_paths_a,
          co_window_paths_b, co_window_unsneaky_path_d, co_window_corner_b,
          co_window_corner_b, glass_columns_c, glass_columns_a, glass_columns_a,
          hellmonk_ecumenical_altar_prayer_group, due_unseen_surprise

Skill      XL: |  1  2  3 |
---------------+----------+-----
Summonings     | 2 |  2.1
Invocations    | 1 |  1.0
Short Blades   | 1 |  1.0
Long Blades    | 1 |  1.0
Axes           | 1 |  1.0
Maces & Flails | 1 |  1.0
Polearms       | 1 |  1.0
Staves         | 1 |  1.0
Bows           | 1 |  1.0
Crossbows      | 1 |  1.0
Throwing       | 1 |  1.0
Dodging        | 1 |  1.0
Shields        | 1 |  1.0
Unarmed Combat | 1 |  1.0
Evocations     | 1 |  1.0
Fighting       | |  6.5
Slings         | |  4.6
Armour         | |  2.6
Stealth        | |  4.2
Spellcasting   | |  2.9
Conjurations   | |  0.7
Hexes          | |  0.7
Necromancy     | |  0.7
Translocations | |  0.7
Transmutations | |  0.7
Fire Magic     | |  0.7
Ice Magic      | |  0.7
Air Magic      | |  0.7
Earth Magic    | |  0.7
Poison Magic   | |  0.7

Action                   || total
-------------------------++-------
Melee: Flail             ||     7
       Bite              ||     1
 Fire: Hunting sling     ||    63
 Cast: Summon Small Mamm ||     3
Armor: Robe              ||     1
       Scale mail        ||    26
Dodge: Dodged            ||    30

Table legend: (Time is in decaauts)
 A = Elapsed time spent in this place.
 B = Non-inter-level travel time spent in this place.
 C = Inter-level travel time spent in this place.
 D = Time resting spent in this place.
 E = Time spent auto-exploring this place.
 F = Levels seen in this place.
 G = Mean time per level.
                   A        B        C        D        E       F      G
               +--------+--------+--------+--------+--------+-----+--------+
         Total |   1357 |   1357 |      0 |    324 |    730 |   2 |  678.5 |
       Dungeon |   1357 |   1357 |      0 |    324 |    730 |   2 |  678.5 |
               +--------+--------+--------+--------+--------+-----+--------+

Top non-repeatable levels by time:
     D:2: 883 daAuts
     D:1: 473 daAuts
